 Dungeon Crawl Stone Soup version 0.22.3-3-g34f245f157 (webtiles) character file.

4808 lids the Basher (level 10, 0/106 HPs)
             Began as an Ogre Berserker on July 14, 2020.
             Was an Elder of Trog.
             Slain by a two-headed ogre
             ... wielding a +0 dire flail
              (21 damage)
             ... on level 8 of the Dungeon.
             The game lasted 00:26:57 (10092 turns).

lids the Basher (Ogre Berserker)                   Turns: 10092, Time: 00:26:57

Health: 0/106      AC:  7    Str: 26    XL:     10   Next: 48%
Magic:  10/10      EV: 10    Int:  8    God:    Trog [****..]
Gold:   403        SH:  0    Dex:  8    Spells: 9/9 levels left

rFire    . . .     SeeInvis .   k - +2 flail (crush)
rCold    . . .     Gourm    .   (no shield)
rNeg     . . .     Faith    .   b - +0 animal skin
rPois    .         Spirit   .   (helmet restricted)
rElec    .         Reflect  .   y - +1 cloak
rCorr    .         Harm     .   (gloves unavailable)
MR       +....                  (boots unavailable)
Stlth    +.........             (no amulet)
HPRegen  0.27/turn              a - +2 ring of protection
MPRegen  0.12/turn              (no ring)

@: berserk cooldown, hasted and slowed
A: large, unfitting armour, tough skin 1
a: Berserk, Trog's Hand, Brothers in Arms, Renounce Religion


You were on level 8 of the Dungeon.
You worshipped Trog.
Trog was greatly pleased with you.
You were near starving.

You visited 2 branches of the dungeon, and saw 9 of its levels.

You collected 547 gold pieces.
You spent 144 gold pieces at shops.

Inventory:

Hand Weapons
 i - a +1 whip of venom
 k - a +2 flail of crushing (weapon)
 q - a +0 giant club
 x - a +1 whip of electrocution
Armour
 b - a +0 animal skin (worn)
 y - a +1 cloak (worn)
Jewellery
 a - a +2 ring of protection (left hand)
 v - an uncursed ring of fire
Wands
 l - a wand of disintegration (15)
 n - a wand of flame (19)
Scrolls
 d - 4 scrolls of identify
 e - 2 scrolls of magic mapping
 g - a scroll of fog
 A - 3 scrolls of remove curse
Potions
 h - a potion of haste
 j - 3 potions of cancellation
 m - a potion of ambrosia
 o - 2 potions of heal wounds
 p - a potion of flight
 s - a potion of brilliance {unknown}
 u - a potion of lignification {unknown}
 z - a potion of curing
Comestibles
 c - 7 rations
 t - a chunk of flesh


   Skills:
 - Level 8.4 Fighting
 + Level 12.7 Maces & Flails
 - Level 2.6 Dodging


You had 9 spell levels left.
You didn't know any spells.
Your spell library contained the following spells:

 Spells                   Type           Power        Failure   Level  Hunger
 Freeze                   Ice            #...         41%         1    ##.....
 Throw Frost              Conj/Ice       #.....       54%         2    ###....
 Ozocubu's Armour         Chrm/Ice       #.......     78%         3    ####...
 Summon Ice Beast         Ice/Summ       #.......     99%         4    #####..
 Throw Icicle             Conj/Ice       #.......     99%         4    #####..


Dungeon Overview and Level Annotations

Branches:
Dungeon (8/15)             Temple (1/1) D:5
   Lair: D:8-11

Altars:
Cheibriados
Elyvilon
Fedhas
Gozag
Hepliaklqana
Kikubaaqudgha
Makhleb
Nemelex Xobeh
Okawaru
Qazlal
Sif Muna
Trog
Uskayaw
Vehumet
Wu Jian
Xom
Yredelemnul
Zin
The Shining One

Shops:
D:4 [   D:7 [

Annotations:
D:8 Erica, Maurice


Innate Abilities, Weirdness & Mutations

You are too large for most types of armour.
You have tough skin. (AC +1)


Message History

You feel yourself slow down.
Eat one of 2 chunks of flesh? (ye/n/q)
You eat one of the 2 chunks of flesh.
This raw flesh tastes terrible.
You are feeling very hungry.
You feel yourself speed up. Something hits you! Something burns you.
You hit the two-headed ogre.
The two-headed ogre is lightly wounded.
Something hits you. Something burns you.
The two-headed ogre hits you with a dire flail.
The two-headed ogre barely misses you.
Maurice casts a spell.
Maurice blinks!
You fail to use your ability.
Something hits you!
* * * LOW HITPOINT WARNING * * *
Something burns you.
* * * LOW HITPOINT WARNING * * *
Your black bear goes berserk!
You are near starving!
The two-headed ogre hits you with a dire flail!!
You die...

..........# ..........#
..........# ..##...####
####.....#### #....#...#
####...##...#
.......##...#########
##.....##.#.##hO@{W(#
##....##..#.##.####.#
...............# ...
.####.####...### .....
.##.....##...####..W......
.#.......#..............##
.#.......#.............$#
....._...O..####........#
.#.......#..#####..%


You could see a two-headed ogre, a hungry ghost and a friendly black bear
(berserk).

Vanquished Creatures
  A two-headed ogre (D:8)
  Pikel (D:8)
  A hippogriff (D:7)
  3 slime creatures
  2 hungry ghosts
  An orc warrior (D:7)
  A necrophage (D:6)
  A phantom (D:7)
  4 ogres
  2 centaurs
  A big kobold (D:5)
  3 bullfrogs
  A scorpion (D:8)
  5 killer bees (D:7)
  3 howler monkeys
  7 jellies
  2 crimson imps
  A centaur zombie (D:6)
  A hound (D:8)
  A bullfrog zombie (D:5)
  3 orc priests
  10 orc wizards
  Ijyb (D:4)
  2 iguanas (D:6)
  Terence (D:2)
  6 worker ants
  A killer bee zombie (D:6)
  A worker ant zombie (D:5)
  Robin (D:2)
  3 gnolls (D:7)
  A howler monkey skeleton (D:8)
  10 adders
  2 shadow imps
  5 oozes
  An adder skeleton (D:6)
  A worm (D:3)
  A dart slug (D:3)
  3 leopard geckos
  18 orcs
  3 bats (D:3)
  5 giant cockroaches
  6 hobgoblins
  16 jackals
  2 quokkas
  2 ball pythons
  4 frilled lizards
  11 goblins
  A jackal zombie (D:5)
  13 kobolds
  9 rats
185 creatures vanquished.

Vanquished Creatures (others)
  4 slaves (D:8)
  An orc wizard (D:7)
  5 fungi (D:5)
  9 toadstools (D:5)
19 creatures vanquished.

Grand Total: 204 creatures vanquished

Notes
Turn   | Place    | Note
-------+----------+-------------------------------------------
     0 | D:1      | lids the Ogre Berserker began the quest for the Orb.
     0 | D:1      | Reached XP level 1. HP: 24/24 MP: 1/1
   184 | D:1      | Reached skill level 3 in Maces & Flails
   404 | D:1      | Reached XP level 2. HP: 32/32 MP: 2/2
   937 | D:2      | Noticed Terence
   955 | D:2      | Reached XP level 3. HP: 23/39 MP: 3/3
   969 | D:2      | Killed Terence
   969 | D:2      | Reached skill level 4 in Maces & Flails
  1215 | D:2      | Reached ** piety under Trog
  1226 | D:2      | Reached XP level 4. HP: 47/48 MP: 4/4
  1373 | D:2      | Found a glowing golden altar of the Shining One.
  1416 | D:2      | Noticed Robin
  1424 | D:2      | Killed Robin
  1501 | D:2      | Found a faded altar of an unknown god.
  1557 | D:2      | Found an ancient bone altar of Kikubaaqudgha.
  1559 | D:2      | Found a blossoming altar of Fedhas.
  1731 | D:3      | Reached skill level 5 in Maces & Flails
  1731 | D:3      | Reached XP level 5. HP: 39/54 MP: 5/5
  2043 | D:3      | Found an opulent altar of Gozag.
  2901 | D:4      | Noticed an ogre
  2913 | D:4      | Killed an ogre
  2913 | D:4      | Reached skill level 6 in Maces & Flails
  2913 | D:4      | Reached XP level 6. HP: 52/62 MP: 6/6
  3108 | D:4      | Reached *** piety under Trog
  3639 | D:4      | Found an ornate altar of the Wu Jian Council.
  3651 | D:4      | Noticed Ijyb
  3668 | D:4      | Killed Ijyb
  3840 | D:4      | Found Willuar's Antique Armour Shoppe.
  3848 | D:4      | Bought a cloak for 144 gold pieces
  3931 | D:4      | Reached skill level 7 in Maces & Flails
  3931 | D:4      | Reached XP level 7. HP: 69/70 MP: 7/7
  3995 | D:5      | Entered Level 5 of the Dungeon
  4013 | D:5      | Found a white marble altar of Elyvilon.
  4542 | D:5      | Reached skill level 8 in Maces & Flails
  4837 | D:5      | Found a staircase to the Ecumenical Temple.
  4846 | Temple   | Entered the Ecumenical Temple
  5148 | D:5      | Found a basalt altar of Yredelemnul.
  5177 | D:5      | Noticed a slime creature
  5180 | D:5      | Reached XP level 8. HP: 74/78 MP: 8/8
  5180 | D:5      | Noticed a slime creature
  5585 | D:4      | Killed a slime creature
  5585 | D:4      | Reached skill level 9 in Maces & Flails
  5784 | D:5      | Killed a slime creature
  6170 | D:5      | Noticed a slime creature
  6181 | D:5      | Killed a slime creature
  6181 | D:5      | Reached skill level 10 in Maces & Flails
  6407 | D:6      | Found a hide-covered altar of Uskayaw.
  6410 | D:6      | Reached XP level 9. HP: 52/84 MP: 9/9
  6870 | D:6      | Reached skill level 5 in Fighting
  7817 | D:6      | Found a deep blue altar of Sif Muna.
  7820 | D:6      | Reached **** piety under Trog
  7854 | D:6      | Found a basalt altar of Yredelemnul.
  8005 | D:7      | Reached skill level 11 in Maces & Flails
  8006 | D:7      | Paralysed by fainting for 9 turns
  9199 | D:7      | Found Zaris's Antique Armour Boutique.
  9475 | D:7      | Reached XP level 10. HP: 103/104 MP: 10/10
  9745 | D:8      | Found a glowing silver altar of Zin.
  9825 | D:8      | Noticed a two-headed ogre
 10013 | D:8      | Noticed Pikel
 10016 | D:8      | Noticed a two-headed ogre
 10018 | D:8      | Noticed Maurice
 10030 | D:8      | Reached skill level 12 in Maces & Flails
 10036 | D:8      | Killed Pikel
 10057 | D:8      | Noticed Erica
 10083 | D:8      | Killed a two-headed ogre
 10092 | D:8      | Slain by a two-headed ogre

Skill      XL: |  1  2  3  4  5  6  7  8  9 10 |
---------------+-------------------------------+-----
Maces & Flails | 3 4 5 6 7 8 10 11 12 | 12.7
Fighting       | 8 |  8.4
Dodging        | |  2.6

Action                   |  1- 3 |  4- 6 |  7- 9 | 10-12 || total
-------------------------+-------+-------+-------+-------++-------
Melee: Mace              |    39 |       |       |       ||    39
       Whip              |    45 |   172 |    30 |       ||   247
       Flail             |       |       |   303 |    49 ||   352
Invok: Berserk           |       |     1 |     7 |     2 ||    10
       Brothers in Arms  |       |       |       |     1 ||     1
Evoke: Wand              |       |       |     2 |     3 ||     5
  Use: Scroll            |       |       |    15 |     4 ||    19
       Potion            |       |       |       |     3 ||     3
  Eat: Chunk             |     1 |     9 |    13 |     3 ||    26
       Ration            |       |       |     4 |       ||     4
Armor: Animal skin       |    19 |    37 |    81 |    13 ||   150
Dodge: Dodged            |    57 |    61 |   120 |    33 ||   271
